 Dungeon Crawl Stone Soup version 0.18-a0-1577-gf591c28 (webtiles) character file.

420 M4edhros the Covert (level 6, -4/38 HPs)
             Began as an Octopode Artificer on Mar 22, 2016.
             Killed by divine providence
             ... invoked by an orc priest
              (16 damage)
             ... on level 5 of the Dungeon.
             The game lasted 00:04:31 (4003 turns).

M4edhros the Covert (Octopode Artificer)            Turns: 4003, Time: 00:04:31

Health: -4/38      AC:  3    Str: 10    XL:     6   Next: 94%
Magic:  8/8        EV: 13    Int: 14    God:
Gold:   134        SH:  3    Dex: 15    Spells: 0 memorised, 5 levels left

rFire  . . .     SeeInvis +     v - +0 flail (protect)
rCold  . . .     Gourm    .     a - +0 buckler
rNeg   . . .     Faith    .     (helmet restricted)
rPois  .         Spirit   .     (no amulet)
rElec  .         Dismiss  .     j - -3 ring of protection (curse)
rCorr  +         Reflect  .     p - ring of resist corrosion
SustAt .         Harm     .     y - ring of see invisible
MR     .....                    (no ring)
Stlth  +++++.....               (no ring)
                                (no ring)
                                (no ring)
                                (no ring)

@: not resistant to hostile enchantments, quite stealthy
A: almost no armour, amphibious, 8 rings, constrict 8, camouflage 1, gelatinous
body 1
a: no special abilities


You were on level 5 of the Dungeon.
You were not hungry.

You visited 1 branch of the dungeon, and saw 5 of its levels.

You collected 134 gold pieces.

Inventory:

Hand Weapons
 o - a +3 dagger
 s - a +0 hunting sling
 u - a +1 short sword of venom
 v - a +0 flail of protection (weapon)
Missiles
 h - 70 sling bullets
 i - 134 stones (quivered)
 z - 14 poisoned sling bullets
 B - 4 steel tomahawks
Armour
 a - a +0 buckler (worn)
Jewellery
 j - a cursed -3 ring of protection (left tentacle)
 p - a ring of resist corrosion (right tentacle)
 y - a ring of see invisible (on tentacle)
Wands
 b - a wand of flame (9/48)
 c - a wand of enslavement (12/24)
 d - a wand of random effects (15/48)
 t - a wand of random effects (30/48)
Scrolls
 e - 4 scrolls of recharging
 k - 2 scrolls of teleportation
 m - a scroll of fear
 q - 3 scrolls of identify
Potions
 g - a potion of berserk rage
 r - a potion of agility {unknown}
 w - a potion of cure mutation
Comestibles
 f - 4 bread rations
 l - 2 slices of pizza
 n - 5 meat rations
 x - a royal jelly


   Skills:
 - Level 1.0 Fighting
 - Level 1.0 Short Blades
 + Level 4.4 Dodging
 * Level 8.0 Stealth
 - Level 3.2 Evocations


You had 5 spell levels left.
You didn't know any spells.

Dungeon Overview and Level Annotations

Branches:
Dungeon (5/15)
 Temple: D:4-7

Altars:
Elyvilon
Makhleb
Nemelex Xobeh
Okawaru


Innate Abilities, Weirdness & Mutations

You cannot wear most types of armour.
You are amphibious.
You can wear up to eight rings at the same time.
You can use your tentacles to constrict eight enemies at once.
Your skin changes colour to match your surroundings (Stealth).
Your rubbery body absorbs attacks (AC +1).


Message History

The iguana is severely wounded.
You constrict the iguana, but do no damage.
The quokka skeleton bites you but does no damage.
The iguana bites you!
You hit the iguana. You squeeze the iguana.
You kill the iguana!
Your Stealth skill increases to level 8!
The quokka skeleton completely misses you.
The quokka skeleton bites you.
You barely miss the quokka skeleton.
The orc priest shouts!
You grab the quokka skeleton. You squeeze the quokka skeleton!
You destroy the quokka skeleton!
The orc misses you.
The orc priest invokes the aid of Beogh against you.
Beogh smites you! The orc misses you.
You see here a scroll of identify.
The orc priest invokes the aid of Beogh against you.
Beogh smites you!
You die...

#.# #.#.# #.# ...
#.# #.#.# #.##o.
###.###.#.# ##....
... ..........#
#.... ....
###.###.### #[..
.... #.# #.# #o.#
...# #.# #.#
#o.##...# #.# #.#
#.#####?.#..(## #.#
#.# #.....@.......#(
#.# #.#
#######.........
#(###.## #.........
#......# #.........
#####..#
####.......>.
#..#####............
#..................#
##.#####.###.#...#.#
#..# #.# #....##.#


You could see an orc priest and 2 orcs.

Vanquished Creatures
  A crimson imp (D:4)
  An orc wizard (D:3)
  An orc priest (D:3)
  An iguana (D:5)
  3 worker ants
  7 gnolls (D:3)
  3 adders
  3 oozes
  3 worms
  4 dart slugs
  3 giant geckos
  14 orcs
  3 ball pythons
  2 giant cockroaches (D:1)
  3 goblins
  5 hobgoblins
  3 jackals (D:1)
  9 kobolds
  2 quokkas
  7 bats
  2 giant newts
  A quokka skeleton (D:5)
  9 rats
90 creatures vanquished.

Vanquished Creatures (collateral kills)
  A gnoll (D:3)
  A goblin (D:3)
2 creatures vanquished.

Vanquished Creatures (others)
  A hobgoblin (D:3)
1 creature vanquished.

Grand Total: 93 creatures vanquished

Notes
Turn   | Place    | Note
--------------------------------------------------------------
     0 | D:1      | M4edhros the Octopode Artificer began the quest for the Orb.
     0 | D:1      | Reached XP level 1. HP: 13/13 MP: 3/3
   188 | D:1      | Reached skill level 2 in Stealth
   188 | D:1      | Reached XP level 2. HP: 18/18 MP: 4/4
   535 | D:1      | Reached skill level 3 in Stealth
   773 | D:1      | Reached XP level 3. HP: 14/23 MP: 5/5
  1194 | D:2      | Reached skill level 4 in Stealth
  1687 | D:2      | Reached XP level 4. HP: 20/28 MP: 6/6
  1700 | D:2      | Found an iron altar of Okawaru.
  2150 | D:3      | Found a faded altar to an unknown god.
  2170 | D:3      | Reached skill level 5 in Stealth
  2238 | D:3      | Reached XP level 5. HP: 16/33 MP: 7/7
  2393 | D:3      | Reached skill level 6 in Stealth
  3151 | D:3      | Found a sparkling altar of Nemelex Xobeh.
  3189 | D:3      | Reached XP level 6. HP: 16/38 MP: 8/8
  3254 | D:3      | Reached skill level 7 in Stealth
  3384 | D:4      | Found a burning altar of Makhleb.
  3661 | D:4      | Found a white marble altar of Elyvilon.
  3739 | D:5      | Entered Level 5 of the Dungeon
  4000 | D:5      | Reached skill level 8 in Stealth
  4003 | D:5      | Killed from afar by an orc priest

Vault maps used:
D:1:      lightli_arrival_statue_moat
D:2:      lemuel_coloured_pillars_altar
D:3:      lemuel_crystal_altar, ecumenical_altar_2, amalloy_card_club
D:4:      elyvilon_altar_5, makhleb_grotto_becter
D:5:      first_bread, trog_butcher_becter

Skill      XL: |  1  2  3  4  5  6 |
---------------+-------------------+-----
Stealth        | 2 3 4 5 6 8 |  8.0
Dodging        | 3 4 |  4.4
Fighting       | |  1.0
Short Blades   | |  1.0
Evocations     | |  3.2

Action                   |  1- 3 |  4- 6 || total
-------------------------+-------+-------++-------
Melee: Short sword       |    52 |    22 ||    74
       Dagger            |    20 |    28 ||    48
       Flail             |       |    85 ||    85
Evoke: Wand              |       |     9 ||     9
  Use: Scroll            |     5 |       ||     5
       Potion            |     1 |       ||     1
 Stab: Sleeping          |     8 |    17 ||    25
  Eat: Chunk             |     2 |     8 ||    10
